 Dungeon Crawl Stone Soup version 0.26.1-10-gdfb7c7de75 (webtiles) character file.

Game seed: 7631226421292819447

137 Chiseanne the Magician (level 5, 35/35 HPs)
             Began as a Demonspawn Hedge Wizard on Mar 31, 2021.
             Quit the game on level 3 of the Dungeon.
             The game lasted 00:05:18 (3453 turns).

Chiseanne the Magician (Demonspawn Hedge Wizard)    Turns: 3453, Time: 00:05:19

Health: 35/35      AC:  6    Str: 10    XL:     5   Next: 0%
Magic:  7/11       EV: 12    Int: 17    God:
Gold:   181        SH:  0    Dex: 12    Spells: 11/12 levels left

rFire    . . .     SeeInvis .   a - +2 whip (venom)
rCold    . . .     Faith    .   (no shield)
rNeg     . . .     Spirit   .   b - +0 robe
rPois    .         Reflect  .   k - +2 helmet
rElec    .         Harm     .   (no cloak)
rCorr    .         Rampage  .   f - +0 pair of gloves
Will     .....                  (no boots)
Stlth    ++........             (no amulet)
HPRegen  0.11/turn              (no ring)
MPRegen  0.12/turn              (no ring)

@: no status effects
A: talons 1, miasma immunity
a: no special abilities


You were on level 3 of the Dungeon.
You visited 1 branch of the dungeon, and saw 3 of its levels.

You collected 181 gold pieces.

Inventory:

Hand Weapons
 a - a +2 whip of venom (weapon)
 e - a +0 hunting sling
 s - a +0 short sword
Missiles
 d - 32 poisoned darts (quivered)
 g - 2 boomerangs
 j - 38 arrows
 n - 18 bolts
Armour
 b - a +0 robe (worn)
 f - a +0 pair of gloves (worn)
 k - a +2 helmet (worn)
 o - a +0 kite shield
Jewellery
 h - an uncursed ring of poison resistance {unknown}
Scrolls
 l - a scroll of blinking
 m - a scroll of remove curse
Potions
 c - 2 potions of curing {unknown}
 i - a potion of cancellation


   Skills:
 - Level 1.7 Dodging
 - Level 1.7 Stealth
 * Level 4.3 Spellcasting
 * Level 3.4 Conjurations
 - Level 1.0 Summonings
 - Level 0.8 Translocations


You had 11 spell levels left.
You knew the following spells:

 Your Spells              Type           Power        Failure   Level
a - Magic Dart            Conj           60%          3%          1

Your spell library contained the following spells:

 Spells                   Type           Power        Failure   Level
 Blink                    Tloc           N/A          16%         2
 Call Imp                 Summ           7%           16%         2
 Slow                     Hex            3%           22%         2
 Conjure Flame            Conj/Fire      9%           22%         3
 Mephitic Cloud           Conj/Pois/Air  7%           28%         3


Dungeon Overview and Level Annotations

Branches:
Dungeon (3/15)

Altars:


Innate Abilities, Weirdness & Mutations

You have sharp toenails.
You are immune to miasma.


Message History

The magic dart hits the orc.
The orc is heavily wounded.
Casting: Magic Dart (safe; 3% risk of failure)
Confirm with . or Enter, or press ? or * to list all spells.
Aiming: Magic Dart (safe; 3% risk of failure)
Press: ? - help, Shift-Dir - straight line, f/p - orc
Aim: an orc, wielding a +0 hand axe and wearing a cursed +0 leather armour (heavily wounded, 0% to evade)
The magic dart hits the orc.
The orc is heavily wounded.
Casting: Magic Dart (safe; 3% risk of failure)
Confirm with . or Enter, or press ? or * to list all spells.
Aiming: Magic Dart (safe; 3% risk of failure)
Press: ? - help, Shift-Dir - straight line, f/p - orc
Aim: an orc, wielding a +0 hand axe and wearing a cursed +0 leather armour (heavily wounded, 0% to evade)
The magic dart hits the orc.
You kill the orc!
You have reached level 5!
Your demonic ancestry asserts itself...
Your toenails lengthen and sharpen.
Are you sure you want to abandon this character and quit the game? (Confirm with "yes".)

### #.# ... #.#
#.# #########.#
.$.)...@..####.##
######....†......
#...###.#...
#####.## #
#.....# #
###.#####
#.#.....#
#.#.###.######.#
#...# #......†.#


There were no monsters in sight!

Vanquished Creatures
  An orc priest (D:2)
  4 adders (D:2)
  An ooze (D:2)
  A worm (D:2)
  A dart slug (D:1)
  2 leopard geckos
  3 orcs (D:3)
  8 bats
  4 giant cockroaches
  8 goblins
  2 hobgoblins (D:1)
  7 jackals (D:1)
  6 kobolds
  2 frilled lizards (D:1)
  9 rats
59 creatures vanquished.

Vanquished Creatures (others)
  10 plants (D:1)
10 creatures vanquished.

Grand Total: 69 creatures vanquished

Notes
Turn   | Place    | Note
-------+----------+-------------------------------------------
     0 | D:1      | Chiseanne the Demonspawn Hedge Wizard began the quest for
                  | the Orb.
     0 | D:1      | Reached XP level 1. HP: 13/13 MP: 4/4
   275 | D:1      | Gained mutation: You are immune to miasma. [demonic
                  | ancestry]
   275 | D:1      | Reached XP level 2. HP: 17/19 MP: 4/6
  1489 | D:1      | Reached XP level 3. HP: 24/24 MP: 1/8
  2439 | D:2      | Reached XP level 4. HP: 30/30 MP: 3/9
  2540 | D:2      | Reached skill level 4 in Spellcasting
  3453 | D:3      | Gained mutation: You have sharp toenails. [demonic
                  | ancestry]
  3453 | D:3      | Reached XP level 5. HP: 35/35 MP: 7/11
  3453 | D:3      | Quit the game

Illustrated notes

Levels and vault maps discovered:
D:1:      lemuel_arrival_broad_hall, layout_basic,
          chequers_serial_rivers_micro_e, chequers_big_river,
          chequers_serial_rivers_small_b, minmay_split_cup_large
D:2:      layout_basic
D:3:      layout_loops_ring, makhleb_altar_promises_db,
          chequers_temple_overflow_statue_of_worship, uniq_grinder,
          uniq_natasha, uniq_ijyb

Skill      XL: |  1  2  3  4 |
---------------+-------------+-----
Conjurations   | 2 3 |  3.4
Spellcasting   | 4 |  4.3
Dodging        | |  1.7
Stealth        | |  1.7
Summonings     | |  1.0
Translocations | |  0.8

Action                   |  1- 3 |  4- 6 || total
-------------------------+-------+-------++-------
Melee: Dagger            |    42 |       ||    42
       Whip              |       |    12 ||    12
       Short sword       |       |     5 ||     5
 Cast: Magic Dart        |    99 |    36 ||   135
  Use: Scroll            |     3 |     2 ||     5
       Potion            |     1 |       ||     1
 Stab: Sleeping          |       |     1 ||     1
Armor: Robe              |    22 |     4 ||    26
Dodge: Dodged            |    55 |    14 ||    69
